 Dungeon Crawl Stone Soup version 0.24.0-37-gcf1ca852f1 (webtiles) character file.

Game seed: 15867376655765289091, levelgen mode: deterministic

864 Delamore the Cleaver (level 8, -1/64 HPs)
             Began as a Hill Orc Fighter on Nov 27, 2019.
             Slain by Pikel
             ... wielding a +0 whip of freezing
              (3 damage)
             ... on level 5 of the Dungeon.
             The game lasted 00:06:12 (4699 turns).

Delamore the Cleaver (Hill Orc Fighter)             Turns: 4699, Time: 00:06:13

Health: -1/64      AC:  8    Str: 21    XL:     8   Next: 3%
Magic:  8/8        EV:  7    Int:  8    God:
Gold:   180        SH:  9    Dex: 10    Spells: 7/7 levels left

rFire    . . .     SeeInvis .   a - +0 war axe
rCold    . . .     Gourm    .   c - +0 shield
rNeg     . . .     Faith    .   b - +0 scale mail
rPois    .         Spirit   .   (no helmet)
rElec    .         Reflect  .   (no cloak)
rCorr    .         Harm     .   j - +0 pair of gloves
MR       .....                  (no boots)
Stlth    ..........             (no amulet)
HPRegen  0.20/turn              (no ring)
MPRegen  0.11/turn              (no ring)

@: no status effects
A: no striking features
a: no special abilities


You were on level 5 of the Dungeon.
You were not hungry.

You visited 2 branches of the dungeon, and saw 6 of its levels.

You collected 180 gold pieces.

Inventory:

Hand Weapons
 a - a +0 war axe (weapon)
Missiles
 u - 32 poisoned darts (quivered)
 B - 3 javelins
Armour
 b - a +0 scale mail (worn)
 c - a +0 shield (worn)
 j - a +0 pair of gloves (worn)
Wands
 v - a wand of iceblast (5)
 x - a wand of random effects (14)
Scrolls
 e - a scroll of identify {unknown}
 l - 2 scrolls of amnesia {unknown}
 m - a scroll of blinking {unknown}
 o - 3 scrolls of remove curse {unknown}
 q - a scroll of magic mapping {unknown}
 r - a scroll of immolation {unknown}
 s - a scroll of fear {unknown}
 y - a scroll of enchant weapon {unknown}
 z - a scroll of teleportation {unknown}
Potions
 d - a potion of might
 g - 3 potions of curing {unknown}
 h - a potion of heal wounds {unknown}
 i - a potion of mutation {unknown}
 k - 2 potions of lignification {unknown}
 n - 2 potions of ambrosia {unknown}
 p - a potion of magic {unknown}
 t - a potion of cancellation {unknown}
 w - a potion of agility {unknown}
Comestibles
 f - 15 rations
 A - 2 chunks of flesh


   Skills:
 - Level 3.6 Fighting
 + Level 11.5 Axes
 - Level 3.2 Armour
 - Level 3.2 Shields


You had 7 spell levels left.
You didn't know any spells.
Your spell library contained the following spells:

 Spells                   Type           Power        Failure   Level  Hunger
 Beastly Appendage        Tmut           #.....       99%         1    ##.....
 Sticks to Snakes         Tmut           #.......     100%        2    ###....
 Spider Form              Tmut/Pois      #.........   100%        3    ####...
 Ice Form                 Ice/Tmut       #.......     100%        4    #####..
 Blade Hands              Tmut           #.........   100%        5    ######.


Dungeon Overview and Level Annotations

Branches:
Dungeon (5/15)             Temple (1/1) D:5

Altars:
Ashenzari
Cheibriados
Dithmenos
Fedhas
Gozag
Hepliaklqana
Makhleb
Qazlal
Ru
Sif Muna
Trog
Uskayaw
Vehumet
Wu Jian
Xom
Yredelemnul
Zin
The Shining One

Shops:
D:5 [

Annotations:
D:5 Pikel


Message History

The mass of ice explodes!
The iceblast engulfs Pikel.
Pikel is heavily wounded.
The slave hits you but does no damage. You block Pikel's attack.
You block the slave's attack.
Your shield prevents you from hitting Pikel.
Pikel is heavily wounded.
You barely miss the slave.
Your shield and scale mail prevent you from hitting the slave.
You block the slave's attack. Pikel hits you but does no damage.
The slave hits you.
* * * LOW HITPOINT WARNING * * *
Evoke which item? (* to show all) (? for menu, Esc to quit)
Aiming: Iceblast
Press: ? - help, Shift-Dir - straight line The mass of ice explodes!
The iceblast engulfs Pikel!
Pikel is almost dead.
The slave hits you.
* * * LOW HITPOINT WARNING * * *
Pikel hits you with a +0 whip of freezing.
You die...

#..#.# #..#.#
#.§#.## #...§.#
#.§..h# #.....#
# ##h†)..#
#.>#..##+####
#........p@.#
#.##.#...pK.#
.. ...#......#
.......###.####
...... #.#
...... ...
....pp <....
......#
.....).#


You could see Pikel and 2 slaves.

Vanquished Creatures
  Eustachio (D:5)
  2 slaves (D:5)
  2 centaurs (D:5)
  A big kobold (D:4)
  2 scorpions (D:5)
  A howler monkey (D:5)
  A crimson imp (D:5)
  A hound (D:4)
  An iguana (D:4)
  3 worker ants (D:4)
  6 adders
  7 gnolls
  3 adder skeletons (D:5)
  2 worms (D:3)
  2 leopard geckos
  An orc (D:4)
  A ball python (D:4)
  8 bats
  3 giant cockroaches (D:2)
  2 hobgoblins
  13 jackals
  3 quokkas
  4 frilled lizards
  3 goblins
  5 kobolds
  8 rats
86 creatures vanquished.

Vanquished Creatures (others)
  A hound (D:5)
  An orc (D:5)
  2 jackals (D:5)
  A frilled lizard (D:5)
5 creatures vanquished.

Grand Total: 91 creatures vanquished

Notes
Turn   | Place    | Note
-------+----------+-------------------------------------------
     0 | D:1      | Delamore the Hill Orc Fighter began the quest for the Orb.
     0 | D:1      | Reached XP level 1. HP: 19/19 MP: 1/1
   151 | D:1      | Reached skill level 3 in Axes
   178 | D:1      | Reached XP level 2. HP: 23/26 MP: 2/2
  1076 | D:2      | Reached skill level 4 in Axes
  1167 | D:2      | Reached XP level 3. HP: 27/31 MP: 3/3
  1220 | D:2      | Reached skill level 5 in Axes
  1247 | D:2      | Reached XP level 4. HP: 31/39 MP: 4/4
  1314 | D:2      | Reached skill level 6 in Axes
  1785 | D:2      | Reached XP level 5. HP: 43/45 MP: 5/5
  2619 | D:4      | Reached skill level 7 in Axes
  2733 | D:4      | Found a sacrificial altar of Ru.
  2929 | D:4      | Noticed a big kobold
  2940 | D:4      | Killed a big kobold
  2940 | D:4      | Reached skill level 8 in Axes
  2940 | D:4      | Reached XP level 6. HP: 51/51 MP: 6/6
  3304 | D:4      | Reached skill level 9 in Axes
  3670 | D:5      | Entered Level 5 of the Dungeon
  3737 | D:5      | Found a shimmering altar of Xom.
  3753 | D:5      | Reached XP level 7. HP: 54/57 MP: 7/7
  3791 | D:5      | Found a staircase to the Ecumenical Temple.
  3791 | D:5      | Noticed Eustachio
  3799 | Temple   | Entered the Ecumenical Temple
  3998 | D:5      | Reached skill level 10 in Axes
  4416 | D:5      | Found Cucopt's Armour Shoppe.
  4420 | D:5      | Killed Eustachio
  4522 | D:5      | Reached skill level 11 in Axes
  4671 | D:5      | Noticed Pikel
  4673 | D:5      | Reached XP level 8. HP: 32/64 MP: 8/8
  4699 | D:5      | HP: 2/64 [slave[Pikel] (4)]
  4699 | D:5      | Slain by Pikel

Levels and vault maps discovered:
D:1:      eino_arrival_water_star, layout_basic
D:2:      layout_loops_ring
D:3:      layout_loops_ring
D:4:      kb_forest_paths, layout_basic, first_ration, nicolae_ru_awakened_eye
D:5:      layout_basic, minitemple, minmay_temple_entry_arrows, serial_shops,
          shop, xom_confusion_cloud, uniq_eustachio, uniq_pikel
Temple:   regret_index_temple_mists

Skill      XL: |  1  2  3  4  5  6  7 |
---------------+----------------------+-----
Axes           | 3 4 5 6 8 9 11 | 11.5
Fighting       | |  3.6
Armour         | |  3.2
Shields        | |  3.2

Action                   |  1- 3 |  4- 6 |  7- 9 || total
-------------------------+-------+-------+-------++-------
Melee: War axe           |    61 |   168 |    89 ||   318
       Unarmed           |       |       |    10 ||    10
Throw: Dart              |       |    13 |       ||    13
Evoke: Wand              |       |       |     2 ||     2
  Eat: Chunk             |     1 |     7 |     1 ||     9
       Ration            |       |       |     1 ||     1
Armor: Scale mail        |    27 |    96 |    61 ||   184
       Skin              |       |       |    11 ||    11
Dodge: Dodged            |    14 |    55 |    92 ||   161
Block: Shield            |    30 |    97 |    69 ||   196
